 Dungeon Crawl Stone Soup version 0.30.1-11-g7821555f0a (webtiles) character file.

Game seed: 6287121741336462506

45 Wiggles the Chopper (level 3, -4/33 HPs)
             Began as a Minotaur Berserker on Oct 27, 2023.
             Was a Believer of Trog.
             Killed from afar by Sigmund (8 damage)
             ... with a magic dart
             ... on level 2 of the Dungeon.
             The game lasted 00:01:51 (1090 turns).

Wiggles the Chopper (Minotaur Berserker)            Turns: 1090, Time: 00:01:52

Health: -4/33      AC: 12    Str: 23    XL:     3   Next: 42%
Magic:  2/2        EV:  7    Int:  4    God:    Trog [**....]
Gold:   25         SH:  0    Dex:  9    Spells: 2/2 levels left

rFire   . . .        a - +0 hand axe
rCold   . . .        (no shield)
rNeg    . . .        e - +0 plate armour
rPois   .            (helmet restricted)
rElec   .            j - +0 cloak
rCorr   .            (no gloves)
SInv    .            (no boots)
Will    .....        (no amulet) Stlth
                     (no ring)
HPRegen 0.25/turn    (no ring)
MPRegen 0.08/turn

%: no passive effects
@: on berserk cooldown, slowed, very slow
A: horns 2, retaliatory headbutt
a: Renounce Religion, Berserk, Trog's Hand


You were on level 2 of the Dungeon.
You worshipped Trog.
Trog was pleased with you.
You visited 1 branch of the dungeon, and saw 2 of its levels.

You collected 25 gold pieces.

Inventory:

Hand Weapons
 a - a +0 hand axe (weapon)
Armour
 e - a +0 plate armour (worn)
 j - a +0 cloak (worn)
Scrolls
 c - 3 scrolls of identify {unknown}
 f - 2 scrolls of magic mapping {unknown}
 k - a scroll of teleportation {unknown}
 l - a scroll of vulnerability {unknown}
Potions
 b - a potion of might {unknown}
 d - 2 potions of attraction {unknown}
 g - a potion of ambrosia {unknown}
 h - a potion of haste {unknown}
 i - a potion of resistance {unknown}


   Skills:
 + Level 4.1 Fighting
 + Level 4.7 Axes
 + Level 2.8 Armour
 + Level 2.4 Dodging


You had 2 spell levels left.
You didn't know any spells.
Your spell library was empty.

Dungeon Overview and Level Annotations

Branches:
Dungeon (2/15)

Altars:

Annotations:
D:2 Sigmund


Innate Abilities, Weirdness & Mutations

You have a pair of horns on your head.
You reflexively headbutt those who attack you in melee.


Message History

Something hits you but does no damage.
Things that are here:
a +0 dagger; a goblin corpse You barely miss something.
You hear some strange, mumbled words.
A puff of flame appears from out of thin air!
The puff of flame hits you but does no damage.
You closely miss something. Your headbutt misses something.
You hear some strange, mumbled words.
You are confused.
You closely miss something. Your headbutt misses something. Something hits you.
You feel a strong urge to attack something.
Something hits you.
You bump into the rock wall.
You feel your anger nearly subside.
You are no longer berserk.
You are exhausted.
You feel yourself slow down.
You're too confused to move!
Something hits you but does no damage.
You bump into the rock wall.
Something hits you but does no damage.
You feel less confused. Something hits you but does no damage.
Something hits you.
You barely miss something. You headbutt something! Something hits you!
You closely miss something. Your headbutt misses something.
Your punch misses something. Something hits you but does no damage.
You miss something. Something hits you.
You barely miss something. Something hits you. x2
You hit something but do no damage. Your headbutt misses something.
Something hits you!
* * * LOW HITPOINT WARNING * * *
You closely miss something. Your headbutt misses something.
You hear some strange, mumbled words.
Something tries to affect you, but you resist.
You barely miss something. Something hits you but does no damage.
You barely miss something. Your headbutt misses something.
You hear some strange, mumbled words.
A magic dart appears from out of thin air!
The magic dart hits you!
You die...

#.... ..........# #....
#.#.(.....+ #....
.#.........#
#....#####.#.........† #
#..........#........†.
#.#...)....# #.....#....
#..........# #..........
#.....#.# #.#####.###
#...@.#.#+#.....#....
#...{)..........####.
..<.....................
#.......#..........####.
#.......##....#......##.
#........#....#.........
#.......................
#.........#.............
.........#.............


There were no monsters in sight!

Vanquished Creatures
  An adder (D:2)
  2 ball pythons
  5 endoplasms (D:1)
  4 goblins
  3 hobgoblins
  2 jackals (D:2)
  A quokka (D:1)
  4 bats
  A frilled lizard (D:2)
  2 kobolds
  8 rats
33 creatures vanquished.

Notes
Turn   | Place    | Note
-------+----------+-------------------------------------------
     0 | D:1      | Wiggles the Minotaur Berserker began the quest for the Orb.
     0 | D:1      | Reached XP level 1. HP: 19/19 MP: 0/0
   363 | D:1      | Reached XP level 2. HP: 25/27 MP: 1/1
   913 | D:2      | Reached XP level 3. HP: 33/33 MP: 2/2
  1025 | D:2      | Reached ** piety under Trog
  1065 | D:2      | Noticed Sigmund
  1090 | D:2      | Killed from afar by Sigmund

Illustrated notes

Levels and vault maps discovered:
D:1:      wheals_arrival_shading, layout_loops_corners
D:2:      minmay_chambers_of_twos, layout_basic, uniq_sigmund, uniq_jessica

Skill      XL: |  1  2 |
---------------+-------+-----
Axes           | 4 |  4.7
Fighting       | 4 |  4.1
Armour         | |  2.8
Dodging        | |  2.4

Action                     || total
---------------------------++-------
  Melee: Hand axe          ||    85
         Headbutt          ||     9
 Invoke: Berserk           ||     1
 Armour: Plate armour      ||    54
  Dodge: Dodged            ||    28
